[Event "9th RTU Open 2019"]
[Site "Riga"]
[Date "2019.08.08"]
[Round "5.26"]
[White "Shailesh, Dravid"]
[Black "Grinev, Valeriy"]
[Result "1/2-1/2"]
[ECO "B04"]
[WhiteElo "2254"]
[BlackElo "2437"]
[Annotator "NA"]
[PlyCount "96"]
[EventDate "2019.08.05"]
[EventType "swiss"]
[EventCountry "LAT"]
[SourceTitle "playchess.com"]
[Source "ChessBase"]
[SourceQuality "1"]
[TimeControl "5400+30"]

1. e4 Nf6 2. e5 Nd5 3. d4 d6 4. c4 Nb6 5. exd6 cxd6 6. Nc3 g6 7. h3 Bg7 8. Nf3 O-O 9. Be2 Nc6 10. O-O e5 11. Bg5 f6 12. Be3 f5 13. d5 Ne7 14. a4 f4 15. Bc1 Bf5 16. a5 Nd7 17. Ng5 Rc8 18. a6 bxa6 19. Rxa6 Nc5 20. Rxa7 Bf6 21. Nf3 Qb6 22. Nb5 Ne4 23. Bd2 Nxd2 24. Qxd2 e4 25. Nfd4 f3 26. gxf3 exf3 27. Nxf3 Bxh3 28. Rfa1 Nf5 29. R1a6 Qd8 30. Rc6 Bg4 31. Nfd4 Bxd4 32. Nxd4 Bxe2 33. Ne6 Qh4 34. Qxe2 Ng3 35. Qf3 Nf5 36. Nxf8 Qg5+ 37. Qg2 Qc1+ 38. Kh2 Rxf8 39. Rcc7 Qf4+ 40. Qg3 Qh6+ 41. Qh3 Qf4+ 42. Kg1 Qc1+ 43. Kg2 Qg5+ 44. Qg3 Qh5 45. Qc3 Qg4+ 46. Qg3 Qh5 47. Qc3 Qg4+ 48. Kf1 Qd1+ 1/2-1/2

[Event "9th RTU Open 2019"]
[Site "Riga"]
[Date "2019.08.08"]
[Round "5.27"]
[White "Brikers, Aleksandrs"]
[Black "Ostrovskiy, Aleksandr"]
[Result "0-1"]
[ECO "B13"]
[WhiteElo "2011"]
[BlackElo "2453"]
[Annotator "ChessBase"]
[PlyCount "70"]
[EventDate "2019.08.05"]
[EventType "swiss"]
[EventCountry "LAT"]
[SourceTitle "playchess.com"]
[Source "ChessBase"]
[SourceQuality "1"]
[TimeControl "5400+30"]

1. e4 c6 2. d4 d5 3. exd5 cxd5 4. Bd3 Nc6 5. c3 g6 6. Bf4 Bg7 7. h3 Nh6 8. Nf3 O-O 9. Qd2 Nf5 10. O-O f6 11. Re1 Re8 12. Na3 a6 13. Nc2 Nd6 14. Rad1 b5 15. Na1 Nf7 16. Bh2 e5 17. dxe5 fxe5 18. Bc2 Be6 19. Bb3 Qb6 20. Nc2 Rad8 21. Qe3 d4 22. cxd4 exd4 23. Qe4 Nce5 24. Bxe6 Rxe6 25. Ncxd4 Nxf3+ 26. Qxf3 Rxe1+ 27. Rxe1 Qxd4 28. Bc7 Rf8 29. Bg3 Qxb2 30. Qb7 Qxa2 31. Re7 Bf6 32. Rd7 Qe6 33. f3 b4 34. Rc7 Bd4+ 35. Kh1 Qe3 0-1

[Event "9th RTU Open 2019"]
[Site "Riga"]
[Date "2019.08.08"]
[Round "5.28"]
[White "Lagunow, Raphael"]
[Black "Afanasiev, Vadim"]
[Result "1-0"]
[ECO "A07"]
[WhiteElo "2427"]
[BlackElo "2263"]
[Annotator "NA"]
[PlyCount "75"]
[EventDate "2019.08.05"]
[EventType "swiss"]
[EventCountry "LAT"]
[SourceTitle "playchess.com"]
[Source "ChessBase"]
[SourceQuality "1"]
[TimeControl "5400+30"]

1. Nf3 d5 2. g3 c6 3. Bg2 Bg4 4. h3 Bh5 5. O-O Nd7 6. d4 e6 7. c4 Bd6 8. Qb3 Rb8 9. Nc3 Ngf6 10. Nd2 Bg6 11. e4 dxe4 12. Ndxe4 Nxe4 13. Nxe4 Bxe4 14. Bxe4 O-O 15. Be3 Qe7 16. Bg2 Nf6 17. Rad1 a6 18. Rfe1 Rbc8 19. Bg5 Rb8 20. f4 h6 21. Bh4 Bc7 22. Qe3 b5 23. c5 Ba5 24. Re2 Rbc8 25. f5 Rfe8 26. Qa3 Bd8 27. Bxf6 Qxf6 28. Qxa6 Bc7 29. Bxc6 Red8 30. d5 Qxf5 31. Bb7 Rb8 32. Kg2 exd5 33. Qc6 Qh5 34. g4 Qg5 35. Qxc7 h5 36. Rxd5 Rxd5 37. Qxb8+ Rd8 38. Qe5 1-0

[Event "9th RTU Open 2019"]
[Site "Riga"]
[Date "2019.08.08"]
[Round "5.29"]
[White "Mammadzada, Gunay"]
[Black "Humburg, Philipp"]
[Result "1-0"]
[ECO "C91"]
[WhiteElo "2427"]
[BlackElo "2244"]
[Annotator "NA"]
[PlyCount "119"]
[EventDate "2019.08.05"]
[EventType "swiss"]
[EventCountry "LAT"]
[SourceTitle "playchess.com"]
[Source "ChessBase"]
[SourceQuality "1"]
[TimeControl "5400+30"]

1. e4 e5 2. Nf3 Nc6 3. Bb5 a6 4. Ba4 Nf6 5. O-O Be7 6. Re1 b5 7. Bb3 d6 8. c3 O-O 9. d4 Bg4 10. Be3 exd4 11. cxd4 d5 12. e5 Ne4 13. h3 Bh5 14. Nbd2 Nxd2 15. Qxd2 Bxf3 16. gxf3 Bb4 17. Qc2 Na5 18. Re2 Qd7 19. Kh2 c6 20. Rg1 Qe6 21. a3 Be7 22. Ba2 Nc4 23. Bb1 g6 24. Bh6 f5 25. Bxf8 Kxf8 26. a4 Bd8 27. Qc1 Bb6 28. Qh6+ Kg8 29. Qf4 Rf8 30. axb5 axb5 31. b3 Na5 32. Bc2 Qe7 33. h4 Nb7 34. h5 Kg7 35. Rg3 Nd8 36. hxg6 hxg6 37. Bxf5 Rxf5 38. Qxf5 Qh4+ 39. Rh3 gxf5 40. Rxh4 Ne6 41. Rd2 f4 42. Rg4+ Kf7 43. b4 Ke7 44. Kg2 Bxd4 45. Rxd4 Nxd4 46. Rxf4 Nc2 47. Rh4 d4 48. f4 d3 49. Rh7+ Ke6 50. Kf3 Kd5 51. Rd7+ Kc4 52. e6 Nd4+ 53. Rxd4+ Kxd4 54. e7 d2 55. Ke2 Kc3 56. e8=Q Kc2 57. Qxc6+ Kb1 58. Kxd2 Ka1 59. Kc2 Ka2 60. Qa6# 1-0

[Event "9th RTU Open 2019"]
[Site "Riga"]
[Date "2019.08.08"]
[Round "5.30"]
[White "Handke, Florian"]
[Black "Siniauski, Artsiom"]
[Result "1/2-1/2"]
[ECO "C11"]
[WhiteElo "2544"]
[BlackElo "2205"]
[Annotator "ChessBase"]
[PlyCount "76"]
[EventDate "2019.08.05"]
[EventType "swiss"]
[EventCountry "LAT"]
[SourceTitle "playchess.com"]
[Source "ChessBase"]
[SourceQuality "1"]
[TimeControl "5400+30"]

1. e4 e6 2. d4 d5 3. Nc3 Nf6 4. e5 Nfd7 5. f4 c5 6. Nf3 Nc6 7. Be3 a6 8. Ne2 b5 9. c3 Qb6 10. g3 a5 11. Bg2 g6 12. O-O Ba6 13. Rf2 b4 14. Rc1 Be7 15. g4 h5 16. h3 hxg4 17. hxg4 bxc3 18. Nxc3 cxd4 19. Nxd4 Nb4 20. Qd2 Nc5 21. f5 Nbd3 22. fxe6 fxe6 23. Na4 Qb4 24. Nxc5 Bxc5 25. Rxc5 Qxd2 26. Bxd2 Nxc5 27. Bxa5 Bd3 28. b4 Ne4 29. Rf3 Bc4 30. Nxe6 Ke7 31. Nf4 Rhg8 32. Rh3 Rg7 33. a4 g5 34. Nh5 Rf7 35. Bxe4 dxe4 36. Nf6 Ke6 37. Nxe4 Kxe5 38. Nxg5 Rg7 1/2-1/2

[Event "9th RTU Open 2019"]
[Site "Riga"]
[Date "2019.08.08"]
[Round "5.31"]
[White "Kulaots, Kaido"]
[Black "Sergienko, Sergey"]
[Result "0-1"]
[ECO "B28"]
[WhiteElo "2560"]
[BlackElo "2320"]
[Annotator "ChessBase"]
[PlyCount "66"]
[EventDate "2019.08.05"]
[EventType "swiss"]
[EventCountry "LAT"]
[SourceTitle "playchess.com"]
[Source "ChessBase"]
[SourceQuality "1"]
[TimeControl "5400+30"]

1. e4 c5 2. Nf3 a6 3. c3 e6 4. d4 d5 5. e5 Bd7 6. Bd3 Nc6 7. a3 Qb6 8. dxc5 Bxc5 9. O-O Qc7 10. Bf4 Nge7 11. Bg3 h6 12. Nbd2 b5 13. Nb3 Bb6 14. Nfd4 O-O 15. Qh5 Nxd4 16. cxd4 Qa7 17. Bh4 Ng6 18. Bxg6 fxg6 19. Qxg6 Bxd4 20. Nxd4 Qxd4 21. Be7 Rf7 22. Bd6 Rc8 23. Rab1 Rf5 24. Qg3 Rc2 25. Rbd1 Qxb2 26. h4 Be8 27. Qe3 Bh5 28. Rb1 Qa2 29. Ra1 Qc4 30. f3 Re2 31. Qb6 Qxh4 32. Rf2 Bxf3 33. Raf1 Bxg2 0-1

[Event "9th RTU Open 2019"]
[Site "Riga"]
[Date "2019.08.08"]
[Round "5.32"]
[White "Chandra, Akshat"]
[Black "Tomov, Georgi"]
[Result "1-0"]
[ECO "B12"]
[WhiteElo "2522"]
[BlackElo "2327"]
[Annotator "ChessBase"]
[PlyCount "59"]
[EventDate "2019.08.05"]
[EventType "swiss"]
[EventCountry "LAT"]
[SourceTitle "playchess.com"]
[Source "ChessBase"]
[SourceQuality "1"]
[TimeControl "5400+30"]

1. e4 c6 2. d4 d5 3. e5 c5 4. dxc5 e6 5. a3 Bxc5 6. Qg4 Ne7 7. Nf3 Nbc6 8. Bd3 Qc7 9. Qg3 Ng6 10. b4 Bd4 11. Nxd4 Nxd4 12. O-O Qxe5 13. f4 Qf6 14. Bb2 Nf3+ 15. Qxf3 Qxb2 16. Nc3 Bd7 17. Bxg6 hxg6 18. Ra2 Qxa2 19. Nxa2 Rc8 20. c3 O-O 21. Nc1 Bb5 22. Re1 Bc4 23. Ne2 Rc7 24. Nd4 Rfc8 25. h4 b6 26. Re3 Ba2 27. h5 gxh5 28. f5 Bb1 29. fxe6 Be4 30. Qxh5 1-0

[Event "9th RTU Open 2019"]
[Site "Riga"]
[Date "2019.08.08"]
[Round "5.33"]
[White "Mohammad Nubairshah Shaikh"]
[Black "Schmitz, Thorsten"]
[Result "1-0"]
[ECO "A54"]
[WhiteElo "2449"]
[BlackElo "2287"]
[Annotator "NA"]
[PlyCount "49"]
[EventDate "2019.08.05"]
[EventType "swiss"]
[EventCountry "LAT"]
[SourceTitle "playchess.com"]
[Source "ChessBase"]
[SourceQuality "1"]
[TimeControl "5400+30"]

1. Nf3 d6 2. d4 Nf6 3. g3 Nbd7 4. c4 e5 5. Nc3 g6 6. b3 Bg7 7. dxe5 Nxe5 8. Nxe5 Nd7 9. Nxd7 Bxc3+ 10. Bd2 Bxd2+ 11. Qxd2 Bxd7 12. Bg2 Qf6 13. Qe3+ Kf8 14. O-O Bc6 15. Bxc6 bxc6 16. Qe4 h5 17. Qxc6 Kg7 18. Qxc7 h4 19. Rad1 Rad8 20. Rd3 hxg3 21. fxg3 Qe6 22. Qxa7 Rxh2 23. Qd4+ f6 24. Kxh2 Rh8+ 25. Kg1 1-0

[Event "9th RTU Open 2019"]
[Site "Riga"]
[Date "2019.08.08"]
[Round "6.1"]
[White "Pultinevicius, Paulius"]
[Black "Kovalenko, Igor"]
[Result "1/2-1/2"]
[ECO "E90"]
[WhiteElo "2481"]
[BlackElo "2654"]
[Annotator "ChessBase"]
[PlyCount "88"]
[EventDate "2019.08.05"]
[EventType "swiss"]
[EventCountry "LAT"]
[SourceTitle "playchess.com"]
[Source "ChessBase"]
[SourceQuality "1"]
[TimeControl "5400+30"]

1. d4 Nf6 2. c4 c5 3. d5 g6 4. Nc3 Bg7 5. e4 d6 6. h3 O-O 7. Nf3 e6 8. Bd3 b6 9. Be3 a6 10. Qd2 Ra7 11. O-O e5 12. b4 Ne8 13. Rfb1 Nd7 14. Qc2 h6 15. Na4 Rb7 16. Rb2 f5 17. Rab1 f4 18. bxc5 fxe3 19. c6 Rc7 20. cxd7 Bxd7 21. Rxb6 Rxf3 22. gxf3 Qg5+ 23. Kh1 exf2 24. Qxf2 Bxa4 25. Rxa6 Bd7 26. Bf1 Qh5 27. Rb8 Kh7 28. Kh2 Qg5 29. Ra7 Qf4+ 30. Kg2 Rxa7 31. Qxa7 Nf6 32. Rb7 Bxh3+ 33. Kxh3 Qxf3+ 34. Kh2 Nh5 35. Rf7 Qg3+ 36. Kh1 Qh4+ 37. Kg1 Qxe4 38. a4 Qg4+ 39. Kh2 e4 40. Qf2 Kg8 41. Re7 Qg5 42. Qf7+ Kh7 43. a5 Qg3+ 44. Kh1 Qh4+ 1/2-1/2

[Event "9th RTU Open 2019"]
[Site "Riga"]
[Date "2019.08.08"]
[Round "6.2"]
[White "Puranik, Abhimanyu"]
[Black "Sulskis, Sarunas"]
[Result "1/2-1/2"]
[ECO "B11"]
[WhiteElo "2550"]
[BlackElo "2528"]
[Annotator "ChessBase"]
[PlyCount "27"]
[EventDate "2019.08.05"]
[EventType "swiss"]
[EventCountry "LAT"]
[SourceTitle "playchess.com"]
[Source "ChessBase"]
[SourceQuality "1"]
[TimeControl "5400+30"]

1. e4 c6 2. Nf3 d5 3. Nc3 Bg4 4. h3 Bxf3 5. Qxf3 Nf6 6. Be2 dxe4 7. Nxe4 Nxe4 8. Qxe4 Qd5 9. Qg4 Nd7 10. O-O e6 11. d4 Nf6 12. Qf4 Bd6 13. Qe3 Bc7 14. Rd1 1/2-1/2

[Event "9th RTU Open 2019"]
[Site "Riga"]
[Date "2019.08.08"]
[Round "6.3"]
[White "Deepan Chakkravarthy J."]
[Black "Gajewski, Grzegorz"]
[Result "1/2-1/2"]
[ECO "B90"]
[WhiteElo "2532"]
[BlackElo "2613"]
[Annotator "ChessBase"]
[PlyCount "69"]
[EventDate "2019.08.05"]
[EventType "swiss"]
[EventCountry "LAT"]
[SourceTitle "playchess.com"]
[Source "ChessBase"]
[SourceQuality "1"]
[TimeControl "5400+30"]

1. e4 c5 2. Nf3 d6 3. d4 cxd4 4. Nxd4 Nf6 5. Nc3 a6 6. Be3 e5 7. Nb3 Be6 8. Qd2 Nbd7 9. f3 h5 10. Be2 Be7 11. a4 O-O 12. a5 b5 13. Nd5 Nxd5 14. exd5 Bf5 15. O-O Bh7 16. Nc1 f5 17. Nd3 f4 18. Bf2 Bh4 19. Nb4 Bxf2+ 20. Rxf2 Qh4 21. Bd3 e4 22. Bxe4 Bxe4 23. fxe4 Ne5 24. h3 f3 25. Nc6 Rae8 26. Nxe5 Rxe5 27. Raf1 Qxe4 28. Rxf3 Rxf3 29. Rxf3 Rxd5 30. Rd3 Rxd3 31. cxd3 Qd4+ 32. Kh1 h4 33. Qg5 Kf7 34. Qf5+ Qf6 35. Qc8 1/2-1/2

[Event "9th RTU Open 2019"]
[Site "Riga"]
[Date "2019.08.08"]
[Round "6.4"]
[White "Hovhannisyan, Robert"]
[Black "Laurusas, Tomas"]
[Result "1/2-1/2"]
[ECO "C42"]
[WhiteElo "2640"]
[BlackElo "2511"]
[Annotator "ChessBase"]
[PlyCount "47"]
[EventDate "2019.08.05"]
[EventType "swiss"]
[EventCountry "LAT"]
[SourceTitle "playchess.com"]
[Source "ChessBase"]
[SourceQuality "1"]
[TimeControl "5400+30"]

1. e4 e5 2. Nf3 Nf6 3. Nxe5 d6 4. Nf3 Nxe4 5. Bd3 Nf6 6. O-O Be7 7. c3 O-O 8. Bc2 b6 9. d4 Bb7 10. Re1 Nbd7 11. Nbd2 Re8 12. Nf1 Bf8 13. Rxe8 Qxe8 14. Bf4 g6 15. Bb3 Nd5 16. Qd2 N7f6 17. Re1 Qd7 18. Bg5 b5 19. Bh6 Bg7 20. Bxg7 Kxg7 21. Ne3 Re8 22. Nxd5 Rxe1+ 23. Nxe1 Bxd5 24. Bxd5 1/2-1/2

[Event "9th RTU Open 2019"]
[Site "Riga"]
[Date "2019.08.08"]
[Round "6.6"]
[White "Gopal G.N."]
[Black "Lobanov, Sergei"]
[Result "1-0"]
[ECO "B12"]
[WhiteElo "2594"]
[BlackElo "2505"]
[Annotator "ChessBase"]
[PlyCount "43"]
[EventDate "2019.08.05"]
[EventType "swiss"]
[EventCountry "LAT"]
[SourceTitle "playchess.com"]
[Source "ChessBase"]
[SourceQuality "1"]
[TimeControl "5400+30"]

1. e4 c6 2. d4 d5 3. e5 Bf5 4. Nf3 e6 5. Be2 c5 6. Be3 Qb6 7. Nc3 Nc6 8. Na4 Qa5+ 9. c3 c4 10. b4 Qd8 11. O-O b5 12. Nb2 a5 13. a4 axb4 14. axb5 bxc3 15. Rxa8 Qxa8 16. Nxc4 dxc4 17. bxc6 Be4 18. c7 Qc6 19. Bxc4 Ne7 20. Qb3 Qxc7 21. Rc1 Nd5 22. Ng5 1-0

[Event "9th RTU Open 2019"]
[Site "Riga"]
[Date "2019.08.08"]
[Round "6.8"]
[White "Zanan, Evgeny"]
[Black "Lalith Babu M R"]
[Result "1/2-1/2"]
[ECO "E54"]
[WhiteElo "2505"]
[BlackElo "2580"]
[Annotator "ChessBase"]
[PlyCount "41"]
[EventDate "2019.08.05"]
[EventType "swiss"]
[EventCountry "LAT"]
[SourceTitle "playchess.com"]
[Source "ChessBase"]
[SourceQuality "1"]
[TimeControl "5400+30"]

1. d4 Nf6 2. c4 e6 3. Nc3 Bb4 4. e3 O-O 5. Bd3 d5 6. Nf3 c5 7. O-O dxc4 8. Bxc4 cxd4 9. exd4 b6 10. Bg5 Bb7 11. Ne5 h6 12. Bh4 Nbd7 13. Qb3 Bxc3 14. bxc3 Qc7 15. Nxd7 Nxd7 16. Bg3 Qc6 17. f3 Nf6 18. Bd3 Rac8 19. Rac1 Qd7 20. Rfe1 Nd5 21. Bf2 1/2-1/2

[Event "9th RTU Open 2019"]
[Site "Riga"]
[Date "2019.08.08"]
[Round "6.9"]
[White "Michalik, Peter"]
[Black "Mikaelyan, Arman"]
[Result "1/2-1/2"]
[ECO "B31"]
[WhiteElo "2573"]
[BlackElo "2454"]
[Annotator "ChessBase"]
[PlyCount "189"]
[EventDate "2019.08.05"]
[EventType "swiss"]
[EventCountry "LAT"]
[SourceTitle "playchess.com"]
[Source "ChessBase"]
[SourceQuality "1"]
[TimeControl "5400+30"]

1. e4 c5 2. Nf3 Nc6 3. Bb5 g6 4. Bxc6 dxc6 5. d3 Bg7 6. h3 Nf6 7. Nc3 Nd7 8. Be3 e5 9. Qd2 h6 10. O-O b6 11. a4 a5 12. Nh2 Nf8 13. f4 exf4 14. Bxf4 Ne6 15. Bg3 c4 16. e5 cxd3 17. cxd3 Qd4+ 18. Bf2 Qxe5 19. Ng4 Qd6 20. Ne4 Qd8 21. Bg3 Qd4+ 22. Kh1 O-O 23. Nef6+ Kh8 24. Be5 Qb4 25. Bc3 Qe7 26. Nd7 f5 27. Nxf8 Nxf8 28. Qxh6+ Kg8 29. Qxg7+ Qxg7 30. Bxg7 Kxg7 31. Ne5 Ba6 32. Ra3 Re8 33. Nxc6 Re2 34. Rc3 Ne6 35. Kg1 Rxb2 36. Rf2 Rb1+ 37. Kh2 Nc5 38. Ne5 Rb4 39. Rd2 Kh6 40. Rd1 Rd4 41. Rb1 Rb4 42. Rcc1 Nxd3 43. Nxd3 Bxd3 44. Rxb4 axb4 45. Rd1 Bc2 46. Rd4 Bxa4 47. Rxb4 b5 48. Kg3 g5 49. Kf3 Kg6 50. g3 Kf6 51. Ke3 Ke5 52. h4 Kf6 53. Rb1 Kg6 54. hxg5 Kxg5 55. Kf3 Kf6 56. Kf4 Ke6 57. Rb2 Kd5 58. Ke3 Ke5 59. Rb4 Kd5 60. Kd3 Ke5 61. Kc3 Kd5 62. Rf4 Ke5 63. Kb4 Ke6 64. Kc5 Ke5 65. Rb4 Ke6 66. Rf4 Ke5 67. Rh4 Kf6 68. Rh8 Ke5 69. Re8+ Kf6 70. Kd4 Bb3 71. Ke3 Kg5 72. Rb8 Bc4 73. Rb7 Bf1 74. Rg7+ Kf6 75. Rb7 Kg5 76. Rb6 Bc4 77. Kf3 Bd5+ 78. Kf2 Bc4 79. Ke3 Bf1 80. Rd6 Bc4 81. Kf3 Bb3 82. Ke3 Bc4 83. Rb6 Bf1 84. Rb7 Bc4 85. Rc7 Bf1 86. Kf3 Bd3 87. Rc8 Bc4 88. Rc5 Bd3 89. g4 b4 90. Ke3 Be4 91. gxf5 Bxf5 92. Rb5 Kf6 93. Kf4 Bc2 94. Rb6+ Kf7 95. Rxb4 1/2-1/2

[Event "9th RTU Open 2019"]
[Site "Riga"]
[Date "2019.08.08"]
[Round "6.10"]
[White "Vogel, Roven"]
[Black "Theodorou, Nikolas"]
[Result "1/2-1/2"]
[ECO "E90"]
[WhiteElo "2456"]
[BlackElo "2543"]
[Annotator "ChessBase"]
[PlyCount "40"]
[EventDate "2019.08.05"]
[EventType "swiss"]
[EventCountry "LAT"]
[SourceTitle "playchess.com"]
[Source "ChessBase"]
[SourceQuality "1"]
[TimeControl "5400+30"]

1. d4 Nf6 2. c4 g6 3. Nc3 Bg7 4. e4 d6 5. h3 O-O 6. Be3 Na6 7. Nf3 c6 8. Be2 e5 9. dxe5 dxe5 10. c5 Nc7 11. Nd2 Ne6 12. Nc4 Nd7 13. b4 a5 14. a3 axb4 15. axb4 Rxa1 16. Qxa1 Nd4 17. Bd3 b6 18. Qa7 bxc5 19. bxc5 Ba6 20. O-O Nxc5 1/2-1/2

[Event "9th RTU Open 2019"]
[Site "Riga"]
[Date "2019.08.08"]
[Round "6.11"]
[White "Kjartansson, Gudmundur"]
[Black "Meshkovs, Nikita"]
[Result "0-1"]
[ECO "B31"]
[WhiteElo "2470"]
[BlackElo "2550"]
[Annotator "ChessBase"]
[PlyCount "162"]
[EventDate "2019.08.05"]
[EventType "swiss"]
[EventCountry "LAT"]
[SourceTitle "playchess.com"]
[Source "ChessBase"]
[SourceQuality "1"]
[TimeControl "5400+30"]

1. Nf3 c5 2. e4 Nc6 3. Bb5 g6 4. Bxc6 dxc6 5. d3 Nf6 6. h3 Nh5 7. Be3 b6 8. Qd2 f6 9. a4 a5 10. Na3 e5 11. O-O Ra7 12. Nc4 Be6 13. b3 Bxc4 14. bxc4 Bd6 15. Qe2 O-O 16. Nh4 Kh8 17. Nf5 Bb8 18. Ng3 Nf4 19. Qd2 f5 20. f3 Ne6 21. Ne2 f4 22. Bf2 g5 23. g4 fxg3 24. Bxg3 Rg7 25. Rf2 Rg6 26. Raf1 Qf6 27. Kh1 Rh6 28. Rh2 Rh5 29. Rff2 Rg8 30. Qc1 Rg6 31. c3 Rgh6 32. Qf1 Qd8 33. Ng1 Rg6 34. Rd2 Rg7 35. Rd1 Rh6 36. Rdd2 Bc7 37. Ne2 Rd7 38. Ng1 Ng7 39. Rhg2 Nh5 40. Bh2 Qe7 41. Rd1 Ng7 42. Rgd2 Ne6 43. Rg2 Qf6 44. Rgd2 Rg6 45. Rg2 Rg8 46. Rgd2 Rgd8 47. Ne2 Rf8 48. Ng1 h6 49. Qg2 h5 50. Bg3 Rfd8 51. Qf1 Kg8 52. Bh2 Kf8 53. Ne2 Rf7 54. Ng1 Ke8 55. Rf2 Rdd7 56. Ne2 Kd8 57. Ng3 Ng7 58. Kg1 Kc8 59. Qg2 Rd8 60. Kf1 Kb7 61. Ke1 Qh6 62. Ke2 Rdf8 63. Nf1 Rd7 64. Ne3 Rfd8 65. Rff1 Rf8 66. Rg1 Qf6 67. Rdf1 Bd8 68. Rd1 Qe6 69. Kd2 Rdf7 70. Rdf1 Bf6 71. Kc2 Rd8 72. Rd1 Rfd7 73. Rgf1 Ne8 74. Nf5 Nd6 75. Nxd6+ Rxd6 76. Rh1 b5 77. axb5 cxb5 78. Rb1 b4 79. cxb4 Rxd3 80. bxc5+ Kc7 81. Rbd1 Qxc4+ 0-1

[Event "9th RTU Open 2019"]
[Site "Riga"]
[Date "2019.08.08"]
[Round "6.12"]
[White "Gukesh D"]
[Black "Lagunow, Raphael"]
[Result "1/2-1/2"]
[ECO "B51"]
[WhiteElo "2520"]
[BlackElo "2427"]
[Annotator "ChessBase"]
[PlyCount "59"]
[EventDate "2019.08.05"]
[EventType "swiss"]
[EventCountry "LAT"]
[SourceTitle "playchess.com"]
[Source "ChessBase"]
[SourceQuality "1"]
[TimeControl "5400+30"]

1. e4 c5 2. Nf3 Nc6 3. Bb5 d6 4. O-O Bd7 5. Re1 Nf6 6. c3 Ne5 7. Nxe5 dxe5 8. a4 e6 9. Na3 a6 10. Bxd7+ Nxd7 11. Qb3 Rb8 12. d3 Be7 13. Be3 O-O 14. Red1 Qc7 15. Nc2 b6 16. g3 Rfc8 17. Ne1 Nf6 18. Nf3 h6 19. Qc2 Rd8 20. h3 Bd6 21. Kh2 Qc6 22. c4 a5 23. g4 Nh7 24. Rg1 Nf8 25. h4 Rb7 26. Qe2 Qe8 27. b3 Rbd7 28. Rad1 Bc7 29. Rg2 Qe7 30. Kh3 1/2-1/2

[Event "9th RTU Open 2019"]
[Site "Riga"]
[Date "2019.08.08"]
[Round "6.13"]
[White "Usmanov, Vasily"]
[Black "Thybo, Jesper Sondergaard"]
[Result "1/2-1/2"]
[ECO "E16"]
[WhiteElo "2443"]
[BlackElo "2528"]
[Annotator "ChessBase"]
[PlyCount "85"]
[EventDate "2019.08.05"]
[EventType "swiss"]
[EventCountry "LAT"]
[SourceTitle "playchess.com"]
[Source "ChessBase"]
[SourceQuality "1"]
[TimeControl "5400+30"]

1. d4 Nf6 2. Nf3 d5 3. c4 e6 4. g3 Bb4+ 5. Nbd2 O-O 6. Bg2 b6 7. O-O Bb7 8. Ne5 Nc6 9. a3 Be7 10. cxd5 exd5 11. Ndf3 Nxe5 12. Nxe5 c5 13. b3 Bd6 14. Bg5 Re8 15. Ng4 Be7 16. Bxf6 Bxf6 17. Nxf6+ Qxf6 18. e3 Rac8 19. Rc1 Red8 20. Qd3 c4 21. bxc4 dxc4 22. Qe2 Bxg2 23. Kxg2 b5 24. Rc3 Rc7 25. Rb1 a6 26. a4 Qd6 27. axb5 axb5 28. Qb2 Rb8 29. Qb4 Qd5+ 30. Kg1 g5 31. Ra1 h5 32. Ra6 Rc6 33. Rca3 Rbc8 34. e4 Qxe4 35. Qxb5 Rxa6 36. Rxa6 Qe1+ 37. Kg2 Qe7 38. Rh6 Qe4+ 39. Kg1 Qe1+ 40. Kg2 Qe4+ 41. Kg1 Qe7 42. Kg2 Kg7 43. Rxh5 1/2-1/2

[Event "9th RTU Open 2019"]
[Site "Riga"]
[Date "2019.08.08"]
[Round "6.14"]
[White "Ostrovskiy, Aleksandr"]
[Black "Nevednichy, Vladislav"]
[Result "0-1"]
[ECO "C01"]
[WhiteElo "2453"]
[BlackElo "2531"]
[Annotator "ChessBase"]
[PlyCount "98"]
[EventDate "2019.08.05"]
[EventType "swiss"]
[EventCountry "LAT"]
[SourceTitle "playchess.com"]
[Source "ChessBase"]
[SourceQuality "1"]
[TimeControl "5400+30"]

1. e4 e6 2. d4 d5 3. Nc3 Bb4 4. exd5 exd5 5. Bd3 c6 6. Qf3 Qf6 7. Bf4 Bd6 8. Bxd6 Qxd6 9. O-O-O Ne7 10. h4 Nd7 11. Qe3 O-O 12. Nf3 Re8 13. h5 Nf8 14. h6 g6 15. Rde1 f6 16. Qd2 Bd7 17. Nh2 Bf5 18. Bxf5 Nxf5 19. Nf3 Rxe1+ 20. Rxe1 g5 21. Rh1 Qd7 22. Nd1 Re8 23. Qd3 Ng6 24. g3 Nh8 25. g4 Nd6 26. Ne3 Ng6 27. Nd2 Nf4 28. Qf1 b5 29. Qd1 a5 30. Nb3 Ne4 31. Qf3 a4 32. Nd2 a3 33. Nxe4 axb2+ 34. Kxb2 dxe4 35. Qd1 b4 36. Nf5 Ra8 37. Re1 Nd5 38. Qe2 Rxa2+ 39. Kxa2 Qa7+ 40. Kb1 Nc3+ 41. Kc1 Nxe2+ 42. Rxe2 Qa1+ 43. Kd2 Qc3+ 44. Kd1 Qf3 45. Nd6 Qxg4 46. Nxe4 Kf7 47. Kd2 Kg6 48. Kd3 Kxh6 49. Re1 Kg6 0-1

[Event "9th RTU Open 2019"]
[Site "Riga"]
[Date "2019.08.08"]
[Round "6.15"]
[White "Grigorov, Grigor"]
[Black "Mammadzada, Gunay"]
[Result "1/2-1/2"]
[ECO "A07"]
[WhiteElo "2501"]
[BlackElo "2427"]
[Annotator "ChessBase"]
[PlyCount "29"]
[EventDate "2019.08.05"]
[EventType "swiss"]
[EventCountry "LAT"]
[SourceTitle "playchess.com"]
[Source "ChessBase"]
[SourceQuality "1"]
[TimeControl "5400+30"]

1. Nf3 d5 2. g3 c6 3. Bg2 Bg4 4. O-O e6 5. c4 Nf6 6. d4 Nbd7 7. cxd5 exd5 8. Nc3 Bd6 9. Nh4 Nb6 10. f3 Be6 11. e4 Be7 12. Nf5 Bxf5 13. exf5 O-O 14. b3 Re8 15. Qd3 1/2-1/2

[Event "9th RTU Open 2019"]
[Site "Riga"]
[Date "2019.08.08"]
[Round "6.16"]
[White "Svane, Rasmus"]
[Black "Keinanen, Toivo"]
[Result "1/2-1/2"]
[ECO "A14"]
[WhiteElo "2615"]
[BlackElo "2386"]
[Annotator "ChessBase"]
[PlyCount "102"]
[EventDate "2019.08.05"]
[EventType "swiss"]
[EventCountry "LAT"]
[SourceTitle "playchess.com"]
[Source "ChessBase"]
[SourceQuality "1"]
[TimeControl "5400+30"]

1. Nf3 d5 2. g3 Nf6 3. Bg2 e6 4. O-O Be7 5. c4 O-O 6. b3 c5 7. Bb2 Nc6 8. cxd5 Nxd5 9. d4 cxd4 10. Nxd4 Nxd4 11. Qxd4 Bf6 12. Qd2 Bd7 13. Na3 Bc6 14. Nc4 Ne7 15. Bxf6 Qxd2 16. Nxd2 gxf6 17. Rfd1 Rfd8 18. Bxc6 Nxc6 19. Ne4 f5 20. Nc5 b6 21. Nb7 Rxd1+ 22. Rxd1 Rc8 23. Rc1 Ne7 24. Rxc8+ Nxc8 25. Kg2 Kf8 26. Kh3 Kg7 27. g4 Kg6 28. Kh4 fxg4 29. Kxg4 f5+ 30. Kh4 Ne7 31. Nd6 Nd5 32. a4 a6 33. Nc4 Kf6 34. Kh5 b5 35. axb5 axb5 36. Na3 b4 37. Nc2 Nf4+ 38. Kh6 Nxe2 39. h4 Nc1 40. Nxb4 Nxb3 41. Kxh7 Nd2 42. h5 Nf3 43. Nd3 e5 44. Nb4 Ng5+ 45. Kg8 e4 46. Nd5+ Ke5 47. Nc3 f4 48. h6 Kf5 49. Kg7 Ne6+ 50. Kg8 Ng5 51. Ne2 Kg6 1/2-1/2

[Event "9th RTU Open 2019"]
[Site "Riga"]
[Date "2019.08.08"]
[Round "6.17"]
[White "Tari, Aryan"]
[Black "Nguyen, Piotr"]
[Result "1-0"]
[ECO "B36"]
[WhiteElo "2620"]
[BlackElo "2420"]
[Annotator "ChessBase"]
[PlyCount "65"]
[EventDate "2019.08.05"]
[EventType "swiss"]
[EventCountry "LAT"]
[SourceTitle "playchess.com"]
[Source "ChessBase"]
[SourceQuality "1"]
[TimeControl "5400+30"]

1. e4 c5 2. Nf3 g6 3. c4 Nc6 4. d4 cxd4 5. Nxd4 Nf6 6. Nc3 d6 7. f3 Nxd4 8. Qxd4 Bg7 9. Be3 O-O 10. Qd2 a5 11. Na4 Be6 12. Nb6 Rb8 13. Qxa5 Nd7 14. Qb4 f5 15. exf5 Rxf5 16. O-O-O Nxb6 17. Bxb6 Qc8 18. Kb1 Ra8 19. Bd3 Rf4 20. Rc1 Bf5 21. Qb3 Qe6 22. Rhe1 Bxd3+ 23. Qxd3 Qf7 24. Re4 Be5 25. Bd4 Rxe4 26. Qxe4 Bxd4 27. Qxd4 Qf5+ 28. Ka1 Kf7 29. a3 Rc8 30. Re1 g5 31. Qb6 Qd7 32. Qe3 Rc5 33. Qe4 1-0